[Event "Titled Tuesday Blitz May 30 Late 2023"]
[White "Maluco_do_Natal_00"]
[Black "Mickiewicz, Piotr"]
[BlackFideId "1114891"]
[WhiteElo "2063"]
[BlackElo "2246"]
[Result "0-1"]
[Round "02"]
[TimeControl "180+2"]
[Date "2023.05.31"]
[WhiteClock "0:00:13"]
[BlackClock "0:01:53"]

1. e4 c6 2. d4 d5 3. Nc3 dxe4 4. Nxe4 Nf6 5. Nxf6+ gxf6 6. Bf4 Bf5 7. Nf3 Nd7 8. Qd2 e6 9. O-O-O Qb6 10. Nh4 Bg6 11. Nxg6 hxg6 12. Kb1 Bb4 13. c3 Be7 14. Bc4 Qa5 15. Qe2 Qf5+ 16. Ka1 Qxf4 17. g3 Qd6 18. h4 O-O-O 19. f4 f5 20. Rhe1 Nf6 21. Qc2 Qc7 22. Qb3 Kb8 23. Kb1 Bd6 24. a4 c5 25. Kc2 cxd4 26. Rxd4 Bc5 27. Rxd8+ Rxd8 28. Kb1 Ne4 29. Ka2 Nd2 30. Qb5 a6 0-1


[Site "https://www.chess.com"]

[Event "Titled Tuesday Blitz May 30 Late 2023"]
[White "Abduzhaparov"]
[Black "Torres Dominguez, David"]
[BlackFideId "2220857"]
[WhiteElo "2413"]
[BlackElo "1999"]
[Result "1/2-1/2"]
[Round "02"]
[TimeControl "180+2"]
[Date "2023.05.31"]
[WhiteClock "0:00:26"]
[BlackClock "0:01:41"]

1. Nf3 d5 2. c4 c6 3. d4 Nf6 4. e3 Bg4 5. Qb3 Qb6 6. Nc3 Qxb3 7. axb3 e6 8. Ne5 Bf5 9. c5 Nbd7 10. Nxd7 Kxd7 11. b4 a6 12. b5 cxb5 13. Bxb5+ Kc7 14. Be2 Be7 15. Bd2 Ne4 16. Nxe4 Bxe4 17. f3 Bg6 18. b4 b6 19. Kf2 bxc5 20. bxc5 Rhb8 21. Rxa6 Rxa6 22. Bxa6 e5 23. Ra1 Rb2 24. Ke1 exd4 25. exd4 Bh4+ 26. g3 Bf6 27. Ra4 Bc2 28. Ba5+ Kc6 29. Rb4 Rxb4 30. Bxb4 Bxd4 31. Kd2 Ba4 32. Bc8 Bb5 33. h4 g6 34. h5 Bxc5 35. Bxc5 Kxc5 36. h6 Kd4 37. Bb7 Bd3 38. Bxd5 Kxd5 39. Kxd3 f6 40. Ke3 Ke5 41. f4+ Kd5 42. g4 Kc4 43. Ke4 Kc5 44. g5 fxg5 45. fxg5 Kd6 46. Kd4 Ke6 47. Ke4 Kd6 48. Kd4 Ke6 49. Ke4 Kd6 1/2-1/2


[Site "https://www.chess.com"]

[Event "Titled Tuesday Blitz May 30 Late 2023"]
[White "dorpato"]
[Black "Papayan, Oleg"]
[BlackFideId "4193911"]
[WhiteElo "2056"]
[BlackElo "2171"]
[Result "0-1"]
[Round "02"]
[TimeControl "180+2"]
[Date "2023.05.31"]
[WhiteClock "0:00:01"]
[BlackClock "0:01:24"]

1. e4 e5 2. Nf3 Nc6 3. d4 exd4 4. c3 dxc3 5. Nxc3 Bc5 6. Bc4 d6 7. Qb3 Qd7 8. O-O Na5 9. Qb5 Nxc4 10. Qxc4 Ne7 11. e5 O-O 12. exd6 Bxd6 13. Bg5 Qg4 14. Qd3 Bf5 15. Qe3 Rfe8 16. Rfe1 h6 17. h3 Qb4 18. Bh4 Qxb2 19. Nd4 Bg6 20. Bxe7 Rxe7 21. Qf3 Rae8 22. Reb1 Bxb1 23. Rxb1 Qd2 24. Rxb7 Re1# 0-1


[Site "https://www.chess.com"]

[Event "Titled Tuesday Blitz May 30 Late 2023"]
[White "Alexikov, Alexander"]
[Black "Stead, Kerry"]
[WhiteFideId "14103958"]
[BlackFideId "3202577"]
[WhiteElo "2186"]
[BlackElo "1997"]
[Result "0-1"]
[Round "02"]
[TimeControl "180+2"]
[Date "2023.05.31"]
[WhiteClock "0:00:39"]
[BlackClock "0:00:02"]

1. e4 c6 2. d3 d5 3. Nd2 e5 4. Ngf3 Bd6 5. Qe2 Qe7 6. g3 Nf6 7. Bg2 O-O 8. O-O h6 9. Re1 Bg4 10. h3 Bxf3 11. Nxf3 Nbd7 12. Nh4 Nh7 13. exd5 cxd5 14. Bxd5 Kh8 15. Bxb7 Rab8 16. Bg2 g5 17. Nf5 Qf6 18. Be4 Rfe8 19. b3 Nc5 20. Bb2 Nxe4 21. dxe4 Bc7 22. Red1 Bb6 23. Rd5 Nf8 24. Rad1 Ng6 25. Nxh6 Kg7 26. Ng4 Qc6 27. c4 f6 28. Rd6 Qc5 29. Nxf6 Re7 30. Ng4 Rf8 31. R1d5 Qc7 32. Kg2 Ref7 33. Rxg6+ Kxg6 34. Nxe5+ Kh6 35. Nxf7+ Rxf7 36. f3 Qe7 37. Qe3 Bxe3 38. e5 Qb4 39. Rd3 Qe1 40. f4 Qf2+ 41. Kh1 Qg1# 0-1


[Site "https://www.chess.com"]

[Event "Titled Tuesday Blitz May 30 Late 2023"]
[White "Manu_ChessExcelsior"]
[Black "Prydun, Andriy"]
[BlackFideId "14145898"]
[WhiteElo "2042"]
[BlackElo "2164"]
[Result "1/2-1/2"]
[Round "02"]
[TimeControl "180+2"]
[Date "2023.05.31"]
[WhiteClock "0:00:21"]
[BlackClock "0:01:22"]

1. e4 c5 2. Nf3 d6 3. Bb5+ Bd7 4. Bxd7+ Qxd7 5. O-O Nc6 6. Re1 g6 7. c3 d5 8. d4 cxd4 9. exd5 Qxd5 10. cxd4 Bg7 11. Nc3 Qd7 12. d5 Nd8 13. d6 Ne6 14. dxe7 Qxd1 15. Rxd1 Nxe7 16. Be3 Nf5 17. Re1 Nxe3 18. Rxe3 O-O 19. Rd1 Rfd8 20. Red3 Rxd3 21. Rxd3 Rd8 22. Rxd8+ Nxd8 23. Kf1 Nc6 24. Ke2 f5 25. a3 h6 26. Kd3 Kf7 27. b4 g5 28. b5 Ne5+ 29. Nxe5+ Bxe5 30. g3 Ke6 31. a4 Bxc3 32. Kxc3 Kd5 33. Kd3 h5 34. h4 gxh4 35. gxh4 Ke5 36. Ke3 f4+ 37. Kd3 Kd5 38. f3 b6 39. Kc3 Kc5 40. Kd3 Kd5 41. Kc3 Kc5 42. Kd3 Kd5 1/2-1/2


[Site "https://www.chess.com"]

[Event "Titled Tuesday Blitz May 30 Late 2023"]
[White "Federzoni, Enzo"]
[Black "NtcPou"]
[WhiteFideId "2173301"]
[WhiteElo "2039"]
[BlackElo "2038"]
[Result "1-0"]
[Round "02"]
[TimeControl "180+2"]
[Date "2023.05.31"]
[WhiteClock "0:00:39"]
[BlackClock "0:00:15"]

1. e4 c6 2. d4 d5 3. exd5 cxd5 4. Bd3 Nc6 5. c3 Nf6 6. Bf4 Bg4 7. Ne2 e6 8. O-O Bd6 9. h3 Bh5 10. Bxd6 Qxd6 11. Re1 O-O 12. Qc1 Bg6 13. Bxg6 hxg6 14. Nd2 Rac8 15. Nf3 Ne4 16. Nd2 Nf6 17. Qc2 b5 18. a3 a5 19. Qd3 b4 20. axb4 axb4 21. Ra6 bxc3 22. bxc3 Qc7 23. Rea1 Qb7 24. R6a3 Ra8 25. Kh2 Qc7+ 26. g3 Rxa3 27. Rxa3 Rb8 28. c4 dxc4 29. Nxc4 Nd5 30. Ne3 Ncb4 31. Qe4 Qb7 32. Rb3 Qc6 33. Nxd5 exd5 34. Qb1 Qd6 35. Nf4 Na6 36. Rxb8+ Nxb8 37. Nxd5 Nc6 38. Qe4 g5 39. Kg2 g6 40. Kf1 Qe6 41. Qxe6 fxe6 42. Nf6+ Kf7 43. Ne4 Nxd4 44. Nxg5+ Kf6 45. Ne4+ Kf5 46. Nd2 e5 47. f3 g5 48. Kf2 Nc2 49. Ne4 Nd4 50. Nc5 Nc2 51. Nd3 Nd4 52. g4+ Ke6 53. Ke3 Nc2+ 54. Ke4 Kf6 55. Nxe5 Ne1 56. Nd3 Ng2 57. f4 gxf4 58. Nxf4 Nh4 59. Ne2 Kg5 60. Ke3 Ng2+ 61. Kf2 Nh4 62. Ng1 Ng6 63. Kg3 Nh4 64. Nf3+ Nxf3 65. Kxf3 Kh4 66. Kf4 Kxh3 67. g5 1-0


[Site "https://www.chess.com"]

[Event "Titled Tuesday Blitz May 30 Late 2023"]
[White "ThaBarWa"]
[Black "Burke, Paul"]
[BlackFideId "2605767"]
[WhiteElo "2400"]
[BlackElo "1904"]
[Result "1-0"]
[Round "02"]
[TimeControl "180+2"]
[Date "2023.05.31"]
[WhiteClock "0:00:30"]
[BlackClock "0:00:19"]

1. d4 a6 2. c4 d6 3. Nc3 g6 4. e4 h6 5. f3 Nd7 6. Be3 Bg7 7. Qd2 e5 8. d5 Ne7 9. Bd3 f5 10. Nge2 f4 11. Bf2 O-O 12. O-O-O Nf6 13. Kb1 Bd7 14. Nc1 Rb8 15. Bc2 b5 16. c5 b4 17. Na4 Bxa4 18. Bxa4 a5 19. Nb3 Ra8 20. Rc1 Kh7 21. Qc2 Nexd5 22. exd5 Nxd5 23. cxd6 cxd6 24. Rhd1 Ne3 25. Bxe3 fxe3 26. Qe4 Qg5 27. g3 d5 28. Rxd5 Qh5 29. Rd7 Qxf3 30. Qxf3 Rxf3 31. Bc6 1-0


[Site "https://www.chess.com"]

[Event "Titled Tuesday Blitz May 30 Late 2023"]
[White "Castillo Pena, Patricia Evarista"]
[Black "Pein, Jonathan"]
[WhiteFideId "6412106"]
[BlackFideId "417092"]
[WhiteElo "1919"]
[BlackElo "2151"]
[Result "0-1"]
[Round "02"]
[TimeControl "180+2"]
[Date "2023.05.31"]
[WhiteClock "0:00:13"]
[BlackClock "0:02:06"]

1. d4 d5 2. Nf3 c6 3. e3 g6 4. Be2 Bg7 5. O-O Nf6 6. b3 O-O 7. Bb2 a5 8. Nbd2 a4 9. a3 axb3 10. cxb3 Bg4 11. h3 Bxf3 12. Nxf3 Nbd7 13. Ne5 Ne4 14. f4 f6 15. Nf3 Ng3 16. Rf2 Ne4 17. Rf1 Ng3 18. Rf2 Qc7 19. Rc1 e5 20. fxe5 fxe5 21. dxe5 Nxe5 22. Nxe5 Bxe5 23. Bxe5 Qxe5 24. Qd3 Rxf2 25. Kxf2 Rxa3 26. Qd4 Qxd4 27. exd4 Nxe2 28. Kxe2 Rxb3 0-1


[Site "https://www.chess.com"]

[Event "Titled Tuesday Blitz May 30 Late 2023"]
[White "Sanchez, Robert"]
[Black "micke12a"]
[WhiteFideId "2034360"]
[WhiteElo "1812"]
[BlackElo "2399"]
[Result "0-1"]
[Round "02"]
[TimeControl "180+2"]
[Date "2023.05.31"]
[WhiteClock "0:00:23"]
[BlackClock "0:00:20"]

1. Nf3 Nf6 2. e3 g6 3. c4 Bg7 4. Nc3 O-O 5. d4 d5 6. cxd5 Nxd5 7. Bc4 Nb6 8. Bb3 N8d7 9. O-O c5 10. h3 cxd4 11. Nxd4 Nc5 12. Bc2 e5 13. Ndb5 Bd7 14. Qe2 a6 15. Na3 Qe7 16. e4 Bc6 17. Be3 Rad8 18. Nc4 Nxc4 19. Qxc4 Ne6 20. Bb6 Rc8 21. Qb3 Nd4 22. Bxd4 exd4 23. Nd5 Qc5 24. Bd3 Rfd8 25. Rfe1 Kf8 26. Nf4 Be5 27. Rac1 Qd6 28. Ne2 a5 29. a4 Bd7 30. Rxc8 Rxc8 31. Qxb7 Rb8 32. Qa7 Qb4 33. Rc1 Bxa4 34. Rc4 Qe1# 0-1


[Site "https://www.chess.com"]

[Event "Titled Tuesday Blitz May 30 Late 2023"]
[White "Naroditsky, Daniel"]
[Black "Klukin, Kirill"]
[WhiteFideId "2026961"]
[BlackFideId "24199273"]
[WhiteElo "2633"]
[BlackElo "2344"]
[Result "1-0"]
[Round "03"]
[TimeControl "180+2"]
[Date "2023.05.31"]
[WhiteClock "0:01:30"]
[BlackClock "0:01:53"]

1. e4 c5 2. Nf3 Nc6 3. Bb5 g6 4. O-O Bg7 5. c3 Nf6 6. e5 Nd5 7. d4 cxd4 8. cxd4 O-O 9. Nc3 Nxc3 10. bxc3 d6 11. exd6 Qxd6 12. Re1 a6 13. Bd3 e5 14. a4 Rd8 15. Ba3 Qc7 16. Rc1 Bg4 17. h3 Bxf3 18. Qxf3 exd4 19. cxd4 Nxd4 20. Qe4 Qd7 21. Bc4 b5 22. Ba2 1-0


[Site "https://www.chess.com"]

[Event "Titled Tuesday Blitz May 30 Late 2023"]
[White "Yanchenko, Roman"]
[Black "Vachier-Lagrave, Maxime"]
[WhiteFideId "4137329"]
[BlackFideId "623539"]
[WhiteElo "2491"]
[BlackElo "2723"]
[Result "0-1"]
[Round "03"]
[TimeControl "180+2"]
[Date "2023.05.31"]
[WhiteClock "0:00:07"]
[BlackClock "0:00:20"]

1. d4 d5 2. c4 e6 3. Nc3 Nf6 4. Nf3 Be7 5. Bf4 O-O 6. e3 Nbd7 7. Rc1 c5 8. cxd5 Nxd5 9. Nxd5 exd5 10. a3 c4 11. Be2 Nf6 12. O-O Bf5 13. Ne5 Rc8 14. h3 Qb6 15. g4 Be6 16. Qc2 Ne4 17. f3 c3 18. b4 Nd2 19. Rf2 Bh4 20. Rg2 f6 21. Nd3 g5 22. Bh2 Nc4 23. Nc5 Nxe3 24. Qxc3 Nxg2 25. Kxg2 Rfe8 26. Bd3 Bf7 27. Qd2 Kg7 28. f4 Re7 29. Rf1 Rce8 30. fxg5 Bxg5 31. Bf4 Bxf4 32. Qxf4 Bg6 33. g5 Rf8 34. Bxg6 hxg6 35. h4 f5 36. h5 gxh5 37. Nd3 Re4 38. Qg3 Rg4 39. Nf4 Qa6 40. Nxh5+ Kg6 41. Nf4+ Kg7 42. Nh5+ Kg8 43. Nf6+ Rxf6 44. Qxg4 Qxf1+ 45. Kxf1 fxg4+ 46. gxf6 Kf7 0-1


[Site "https://www.chess.com"]

[Event "Titled Tuesday Blitz May 30 Late 2023"]
[White "Bluebaum, Matthias"]
[Black "Panesar Vedant"]
[WhiteFideId "24651516"]
[BlackFideId "35033018"]
[WhiteElo "2639"]
[BlackElo "2347"]
[Result "1-0"]
[Round "03"]
[TimeControl "180+2"]
[Date "2023.05.31"]
[WhiteClock "0:02:07"]
[BlackClock "0:00:31"]

1. d4 Nf6 2. c4 g6 3. Nc3 Bg7 4. e4 d6 5. Nf3 O-O 6. Be2 e5 7. Be3 Ng4 8. Bg5 f6 9. Bh4 Nc6 10. d5 Ne7 11. Nd2 Nh6 12. f3 c5 13. dxc6 bxc6 14. b4 Be6 15. Bf2 Kh8 16. O-O g5 17. b5 cxb5 18. Nxb5 a6 19. Nc3 f5 20. Nb3 Ng6 21. c5 Nf7 22. cxd6 Qxd6 23. Nc5 Bc8 24. Qxd6 Nxd6 25. Rfd1 Nb7 26. Nd7 Rf7 27. Nb6 Rb8 28. Bc4 Rf8 29. Bxa6 Nf4 30. Nxc8 Rfxc8 31. Nd5 fxe4 32. fxe4 Rc6 33. Bxb7 Rxb7 34. Nxf4 1-0


[Site "https://www.chess.com"]

[Event "Titled Tuesday Blitz May 30 Late 2023"]
[White "Duda, Jan-Krzysztof"]
[Black "Brodowski, Piotr"]
[WhiteFideId "1170546"]
[BlackFideId "1124480"]
[WhiteElo "2790"]
[BlackElo "2351"]
[Result "1-0"]
[Round "03"]
[TimeControl "180+2"]
[Date "2023.05.31"]
[WhiteClock "0:00:09"]
[BlackClock "0:00:10"]

1. d4 d6 2. e4 g6 3. c4 Bg7 4. Nc3 Nc6 5. Nge2 e5 6. Be3 Nf6 7. f3 a6 8. Qd2 O-O 9. d5 Ne7 10. g4 b5 11. Ng3 bxc4 12. h4 c6 13. g5 Nh5 14. Nxh5 gxh5 15. Bxc4 Bb7 16. dxc6 Nxc6 17. Nd5 Nd4 18. Bxd4 exd4 19. Qd3 Bxd5 20. Bxd5 Rb8 21. O-O-O Be5 22. Kb1 Qb6 23. Rd2 Bf4 24. Rg2 Rfc8 25. Bb3 Kg7 26. Rd1 a5 27. Bc4 a4 28. Rc2 Be3 29. a3 Qa5 30. Rh1 Qe5 31. Rhh2 Rc5 32. Bd5 Rbc8 33. Rxc5 Rxc5 34. Rc2 Qg3 35. Rc4 Qxh4 36. Rxa4 Qxg5 37. Ra7 Rxd5 38. exd5 Qxd5 39. Rc7 h4 40. Rc2 h3 41. a4 Qxf3 42. a5 Qf4 43. a6 h2 44. Rxh2 Qxh2 45. Qe4 Qe5 46. Qxe5+ dxe5 47. a7 d3 48. a8=Q d2 49. Qg2+ Kf6 50. Kc2 Bf4 51. b4 h5 52. b5 h4 53. b6 Ke6 54. b7 e4 55. Qxe4+ 1-0


[Site "https://www.chess.com"]

[Event "Titled Tuesday Blitz May 30 Late 2023"]
[White "Halkias, Stelios"]
[Black "Moussard, Jules"]
[WhiteFideId "4201809"]
[BlackFideId "642908"]
[WhiteElo "2451"]
[BlackElo "2610"]
[Result "1-0"]
[Round "03"]
[TimeControl "180+2"]
[Date "2023.05.31"]
[WhiteClock "0:00:14"]
[BlackClock "0:00:02"]

1. d4 f5 2. Nf3 Nf6 3. g3 g6 4. Bg2 Bg7 5. O-O O-O 6. c4 d6 7. Nc3 c6 8. Rb1 a5 9. Qc2 Na6 10. b3 Qc7 11. Bb2 e5 12. c5 exd4 13. cxd6 Qxd6 14. Rbd1 c5 15. e3 f4 16. exd4 Bf5 17. Qe2 fxg3 18. hxg3 Kh8 19. Nb5 Qb6 20. dxc5 Nxc5 21. Rd6 Bd3 22. Qxd3 Nxd3 23. Rxb6 Nxb2 24. Rxb7 Nd3 25. Ng5 Rae8 26. Nd6 Re2 27. Bf3 Rxa2 28. Ne6 Ne5 29. Bg2 Rd2 30. Nxf8 Rxd6 31. Rb8 Bxf8 32. Rxf8+ Kg7 33. Ra8 Rb6 34. Rxa5 Nd3 35. Rd1 Rxb3 36. Bf1 Nb2 37. Ra7+ Kh6 38. Rb1 Ne4 39. Ra2 Nxf2 40. Kxf2 1-0


[Site "https://www.chess.com"]

[Event "Titled Tuesday Blitz May 30 Late 2023"]
[White "Paravyan, David"]
[Black "Thomforde-Toates, Noah"]
[WhiteFideId "4194985"]
[BlackFideId "30951992"]
[WhiteElo "2563"]
[BlackElo "2741"]
[Result "1/2-1/2"]
[Round "03"]
[TimeControl "180+2"]
[Date "2023.05.31"]
[WhiteClock "0:00:05"]
[BlackClock "0:00:25"]

1. d4 Nf6 2. c4 g6 3. f3 Bg7 4. e4 d6 5. Nc3 O-O 6. Nge2 Nc6 7. Be3 a6 8. Rc1 e5 9. d5 Ne7 10. Ng3 Ne8 11. Bd3 f5 12. exf5 gxf5 13. Nh5 Ng6 14. O-O Qh4 15. f4 Bh6 16. g3 Qe7 17. Qd2 Ng7 18. Nxg7 Kxg7 19. Rce1 e4 20. Bc2 b6 21. b4 Kg8 22. Ne2 Bg7 23. Bd4 Bd7 24. Bxg7 Kxg7 25. Nd4 h5 26. a3 a5 27. Re3 axb4 28. axb4 Ra2 29. Qc3 Qf6 30. Bb3 Ra7 31. c5 bxc5 32. bxc5 Rb8 33. c6 Bc8 34. Rd1 Kf7 35. h4 Ne7 36. Qd2 Ra3 37. Bc4 Rxe3 38. Qxe3 Rb4 39. Qc3 Ra4 40. Qb3 Ra1 41. Kg2 Rxd1 42. Qxd1 Qg6 43. Be2 Qg7 44. Nb5 Kf8 45. Nxc7 Ng6 46. Ne6+ Bxe6 47. dxe6 Nxf4+ 48. Kh2 Nxe6 49. Qxd6+ Kf7 50. c7 Qb2 51. c8=Q Qxe2+ 52. Kg1 Qe1+ 53. Kg2 Qe2+ 54. Kg1 Qe1+ 55. Kg2 Qe2+ 56. Kg1 1/2-1/2


[Site "https://www.chess.com"]

[Event "Titled Tuesday Blitz May 30 Late 2023"]
[White "Jaracz, Pawel"]
[Black "Lazavik, Denis"]
[WhiteFideId "1102222"]
[BlackFideId "13515110"]
[WhiteElo "2438"]
[BlackElo "2560"]
[Result "0-1"]
[Round "03"]
[TimeControl "180+2"]
[Date "2023.05.31"]
[WhiteClock "0:00:14"]
[BlackClock "0:01:10"]

1. e4 e5 2. Nf3 Nc6 3. Bb5 a6 4. Ba4 Nf6 5. O-O Be7 6. d3 d6 7. c3 O-O 8. Re1 Bd7 9. h3 Re8 10. Nbd2 Bf8 11. Bc2 Ne7 12. d4 Ng6 13. Bd3 c5 14. b3 b5 15. Bf1 Nf4 16. Kh2 Qc8 17. Bb2 h6 18. Ng1 Qc7 19. a4 Rab8 20. g3 Ng6 21. axb5 axb5 22. dxe5 dxe5 23. c4 b4 24. Bg2 Bd6 25. Nf1 Nf8 26. Ra6 Rb6 27. Rxb6 Qxb6 28. Ne3 Ne6 29. Nf5 Nd4 30. Bxd4 cxd4 31. Qf3 Bf8 32. Ra1 g6 33. Nh4 Be7 34. Qe2 Bc6 35. f3 Nd7 36. Qd2 Bg5 37. Qa2 Ra8 38. Qb2 Rxa1 39. Qxa1 Nc5 40. Qa2 Qa6 41. Qf2 Be3 42. Qe1 Qa3 0-1


[Site "https://www.chess.com"]

[Event "Titled Tuesday Blitz May 30 Late 2023"]
[White "Kozionov, Kirill"]
[Black "Bok, Benjamin"]
[WhiteFideId "24101729"]
[BlackFideId "1017063"]
[WhiteElo "2377"]
[BlackElo "2657"]
[Result "1-0"]
[Round "03"]
[TimeControl "180+2"]
[Date "2023.05.31"]
[WhiteClock "0:00:16"]
[BlackClock "0:00:02"]

1. e4 c5 2. d4 cxd4 3. Qxd4 Nc6 4. Qd3 g6 5. Nc3 Bg7 6. Nf3 d6 7. Be2 Nf6 8. O-O O-O 9. Nd5 Nd7 10. c3 Nc5 11. Qe3 e6 12. Nb4 Bd7 13. Rd1 Qe7 14. Nd3 Na4 15. Qg5 Bf6 16. Qg3 Rfd8 17. Be3 Be8 18. Rd2 Nb6 19. Rdd1 Nc4 20. Bg5 Rac8 21. h4 b5 22. Qf4 Bxg5 23. hxg5 e5 24. Qg3 Bd7 25. Nh2 Be6 26. a4 a6 27. axb5 axb5 28. Qh4 h5 29. g4 hxg4 30. Bxg4 Kg7 31. Qh6+ Kg8 32. Kg2 d5 33. Rh1 Qf8 34. Qh4 Qg7 35. Bxe6 fxe6 36. Ng4 dxe4 37. Nc5 e3 38. Nxe6 Re8 39. Nxg7 Kxg7 40. Qh6+ Kf7 41. Qh7+ Ke6 42. Qxg6+ Kd7 43. Nf6+ Kc7 44. Nxe8+ Kb6 45. Nd6 Rf8 46. Nxc4+ bxc4 47. fxe3 Rd8 48. Rh6 Rd2+ 49. Kg3 1-0


[Site "https://www.chess.com"]

[Event "Titled Tuesday Blitz May 30 Late 2023"]
[White "Sjugirov, Sanan"]
[Black "Matinian, Nikita"]
[WhiteFideId "4189302"]
[BlackFideId "24129100"]
[WhiteElo "2569"]
[BlackElo "2422"]
[Result "0-1"]
[Round "03"]
[TimeControl "180+2"]
[Date "2023.05.31"]
[WhiteClock "0:00:02"]
[BlackClock "0:00:04"]

1. e4 d6 2. d4 g6 3. Nc3 Bg7 4. Be3 a6 5. Qd2 b5 6. Nf3 Bb7 7. Bd3 Nd7 8. a4 b4 9. Ne2 Ngf6 10. Ng3 a5 11. Bh6 O-O 12. O-O c5 13. c3 cxd4 14. cxd4 Rc8 15. h3 e6 16. Rfe1 Re8 17. Bxg7 Kxg7 18. Bb5 Bc6 19. Ba6 Rc7 20. Bd3 Qe7 21. Qg5 h6 22. Qxa5 Rb7 23. Rac1 Rb6 24. Bb5 Ra8 25. Qxb4 Bxb5 26. axb5 Rab8 27. Qa3 Rxb5 28. e5 Ne8 29. Ne4 Rb3 30. exd6 Qd8 31. Qa7 R8b7 32. Qa4 Rxb2 33. Ne5 Nef6 34. Nc5 R7b4 35. Qa1 Nxe5 36. dxe5 Nd5 37. Nd3 Qg5 38. Nxb2 Nf4 39. Qa8 Nxh3+ 40. Kf1 Rxb2 0-1


[Site "https://www.chess.com"]

[Event "Titled Tuesday Blitz May 30 Late 2023"]
[White "Kushko, Dmitriy"]
[Black "Deac, Bogdan-Daniel"]
[WhiteFideId "14162261"]
[BlackFideId "1226380"]
[WhiteElo "2230"]
[BlackElo "2649"]
[Result "0-1"]
[Round "03"]
[TimeControl "180+2"]
[Date "2023.05.31"]
[WhiteClock "0:00:04"]
[BlackClock "0:00:07"]

1. Nf3 b6 2. g3 Bb7 3. Bg2 c5 4. O-O g6 5. c4 Bg7 6. Nc3 Nf6 7. d4 cxd4 8. Qxd4 d6 9. Rd1 Nbd7 10. Be3 h6 11. Qd2 Rc8 12. b3 Qc7 13. Rab1 Qb8 14. Rbc1 Qa8 15. Ne1 Bxg2 16. Nxg2 Nc5 17. f3 Qb7 18. Nf4 h5 19. Nfd5 Ncd7 20. Bd4 h4 21. g4 Kf8 22. g5 Nxd5 23. Nxd5 Nc5 24. Bxg7+ Kxg7 25. Qd4+ e5 26. Qg4 h3 27. Nf6 Rcd8 28. Rd2 b5 29. Rcd1 bxc4 30. bxc4 Ne6 31. e3 Qb6 32. Kf2 Qb4 33. Nd5 Qa3 34. Nf6 Qc3 35. Ne4 Qxc4 36. Nxd6 Qxg4 37. fxg4 Rb8 38. Ne4 Rb4 39. Kf3 Rc8 40. Nd6 Nxg5+ 41. Kg3 Rc3 42. Kf2 Ra4 43. Ke2 Rxg4 44. Ne8+ Kh6 45. Nf6 Rg2+ 46. Kf1 Ra3 47. Rxg2 hxg2+ 48. Kxg2 Kg7 49. Ng4 Rxa2+ 50. Kg3 e4 51. Kf4 Nh3+ 52. Ke5 Nf2 53. Nxf2 Rxf2 54. Kxe4 Rxh2 55. Ra1 Rf2 56. Rxa7 g5 57. Kd4 Kg6 58. e4 Rf3 59. Ra6+ Kh5 60. Ra8 g4 61. Rg8 Kh4 62. e5 g3 63. Ke4 Rf1 64. Rh8+ Kg4 65. Rg8+ Kh3 66. Kd5 g2 67. Rh8+ Kg3 68. Rg8+ Kf2 0-1


[Site "https://www.chess.com"]

[Event "Titled Tuesday Blitz May 30 Late 2023"]
[White "Svane, Rasmus"]
[Black "Rastbod, Ali"]
[WhiteFideId "4657101"]
[BlackFideId "12567477"]
[WhiteElo "2601"]
[BlackElo "2274"]
[Result "0-1"]
[Round "03"]
[TimeControl "180+2"]
[Date "2023.05.31"]
[WhiteClock "0:00:14"]
[BlackClock "0:00:15"]

1. Nf3 d5 2. g3 c6 3. Bg2 Bg4 4. O-O Nd7 5. h3 Bh5 6. d4 e6 7. c4 Ngf6 8. cxd5 exd5 9. Ne5 Bd6 10. f4 Qe7 11. Nc3 O-O 12. g4 Bg6 13. Nxd7 Qxd7 14. f5 Rfe8 15. Qd3 b5 16. fxg6 hxg6 17. a3 a5 18. Bg5 b4 19. axb4 axb4 20. Rxa8 Rxa8 21. Nd1 Qe6 22. Bxf6 gxf6 23. e4 Re8 24. exd5 cxd5 25. Qf3 Kg7 26. Qxd5 Qe7 27. Nf2 Bb8 28. Ne4 Qc7 29. Rf3 Qc1+ 30. Bf1 Qc2 31. Nf2 Re1 32. Qb3 Qc7 33. Rg3 Qxg3+ 34. Qxg3 Bxg3 35. Nd3 Rb1 36. Nxb4 Rxb2 37. Nd3 Rd2 38. d5 Bd6 39. h4 Kh6 40. Kh1 Bg3 41. Kg1 g5 42. hxg5+ Kxg5 43. Nb4 Kxg4 44. Bd3 Bd6 45. Kf1 Bxb4 46. Be2+ Kf4 47. Kf2 Rxd5 48. Bc4 Re5 49. Be2 Bc5+ 50. Kf1 Rxe2 51. Kxe2 Kg3 52. Kf1 Kf3 53. Ke1 Kg2 54. Ke2 f5 55. Kd3 f4 56. Ke4 f3 57. Kf5 f2 58. Kg5 f1=Q 59. Kh6 Qf5 60. Kg7 Qg6+ 61. Kh8 Qg5 62. Kh7 Bb6 63. Kh8 Bd4+ 64. Kh7 Qg7# 0-1


[Site "https://www.chess.com"]

[Event "Titled Tuesday Blitz May 30 Late 2023"]
[White "Kevlishvili, Robby"]
[Black "Prohaszka, Peter"]
[WhiteFideId "1040634"]
[BlackFideId "726265"]
[WhiteElo "2572"]
[BlackElo "2626"]
[Result "0-1"]
[Round "03"]
[TimeControl "180+2"]
[Date "2023.05.31"]
[WhiteClock "0:01:21"]
[BlackClock "0:00:26"]

1. e4 c6 2. Nf3 d5 3. Nc3 dxe4 4. Nxe4 Nf6 5. Qe2 Nxe4 6. Qxe4 Qa5 7. Qf4 Qf5 8. Qe3 Qe6 9. b3 Qxe3+ 10. fxe3 Bf5 11. Bb2 e6 12. O-O-O a5 13. a3 a4 14. b4 Nd7 15. Be2 Bg6 16. Nh4 f6 17. Nxg6 hxg6 18. h4 Bd6 19. g4 Kf7 20. Rdg1 Rh7 21. h5 g5 22. Bd3 Rhh8 23. Rf1 Ne5 24. Be2 Ke7 25. d4 Nf7 26. c4 Nh6 27. e4 Bf4+ 28. Kc2 Rac8 29. Kd3 Rhd8 30. Bf3 Nf7 31. Kc3 Rxd4 32. Kxd4 Be5+ 33. Kc5 Bxb2 34. Kb6 Bxa3 35. Rb1 c5 36. b5 Bb4 37. e5 Nxe5 38. Bxb7 Nxc4+ 39. Ka7 Rd8 40. h6 gxh6 41. Rxh6 a3 42. Rh7+ Kd6 43. Rd1+ Nd2 44. b6 c4 45. Ba6 c3 46. b7 Bc5# 0-1


[Site "https://www.chess.com"]

[Event "Titled Tuesday Blitz May 30 Late 2023"]
[White "Martinez Ramirez, Lennis"]
[Black "Babazada, Khazar"]
[WhiteFideId "3509079"]
[BlackFideId "13413554"]
[WhiteElo "2410"]
[BlackElo "2351"]
[Result "1-0"]
[Round "03"]
[TimeControl "180+2"]
[Date "2023.05.31"]
[WhiteClock "0:00:12"]
[BlackClock "0:01:44"]

1. Nf3 c5 2. c4 Nc6 3. g3 g6 4. Nc3 Bg7 5. a3 e6 6. b4 d6 7. Rb1 Nge7 8. Bg2 O-O 9. O-O b6 10. b5 Na5 11. Qa4 Bb7 12. Bb2 d5 13. d3 d4 14. Na2 a6 15. bxa6 Bc6 16. Qc2 Rxa6 17. e4 Nb7 18. Nc1 Qa8 19. h4 Nd6 20. Qe2 Rc8 21. h5 e5 22. hxg6 hxg6 23. Ng5 b5 24. cxb5 Bxb5 25. f4 c4 26. fxe5 Bxe5 27. Qg4 cxd3 28. Qh4 Kf8 29. Qh7 Ke8 30. Rxf7 Nxf7 31. Qxf7+ Kd8 32. Qf8+ Kd7 33. Bh3+ Kd6 34. Nf7+ Kc6 35. Nxe5+ Kb6 36. Qxe7 Rd8 37. Ncxd3 Qxe4 38. Qxd8+ Ka7 39. Qc7+ Ka8 40. Bg2 1-0


[Site "https://www.chess.com"]

[Event "Titled Tuesday Blitz May 30 Late 2023"]
[White "Henriquez Villagra, Cristobal"]
[Black "Danielyan, Vahe"]
[WhiteFideId "3409350"]
[BlackFideId "13304828"]
[WhiteElo "2542"]
[BlackElo "2423"]
[Result "0-1"]
[Round "03"]
[TimeControl "180+2"]
[Date "2023.05.31"]
[WhiteClock "0:00:48"]
[BlackClock "0:01:04"]

1. e4 c6 2. d4 d5 3. f3 dxe4 4. fxe4 e5 5. Nf3 Be6 6. c3 Nd7 7. Bd3 Bd6 8. O-O Ngf6 9. Nbd2 O-O 10. Qe2 Qc7 11. Nc4 Rae8 12. Kh1 Bxc4 13. Bxc4 exd4 14. cxd4 Nxe4 15. Qd3 Ndf6 16. Be3 Ng4 17. Bg1 Kh8 18. Rae1 f5 19. Bb3 Bg3 20. Re2 Bxh2 21. Nxh2 Ng3+ 22. Qxg3 Qxg3 23. Rxf5 Nxh2 24. Bxh2 Qe1+ 0-1


[Site "https://www.chess.com"]